Selects Australian Defense Battlegroup
Selects Australian Light Infantry Section
Australian Light Infantry Section
Australian Light Infantry Section
Australian Light Infantry Section
Construct Section Command Post
Selects 2-pounder Anti-tank Gun Team
Construct Platoon Command Post
Construct Field Infirmary
2-pounder Anti-tank Gun Team
Selects CMP 15cwt Supply Run
Construct Company Command Post
Australian Light Infantry Section
Selects Reinforced Resource Caches
Selects Charged Creeping Barrage
Unlock M3 Grant Medium Tanks
Selects Vehicle Over Repair